 Dungeon Crawl Stone Soup version 0.29.1-14-g9c671dbff4 (webtiles) character file.

Game seed: 12488796936998974321

8513 javelincjr the Cleaver (level 11, -4/75 HPs)
             Began as a Demonspawn Gladiator on Feb 13, 2023.
             Was a Believer of Hepliaklqana.
             Killed by divine providence
             ... invoked by an orc priest
              (14 damage)
             ... on level 10 of the Dungeon.
             The game lasted 00:39:15 (10841 turns).

javelincjr the Cleaver (Demonspawn Gladiator)      Turns: 10841, Time: 00:39:15

Health: -4/75      AC: 23    Str: 18    XL:     11   Next: 10%
Magic:  11/11      EV: 18    Int: 10    God:    Hepliaklqana [**....]
Gold:   670        SH:  5    Dex: 15    Spells: 10/10 levels left

rFire   . . .      SeeInvis .   a - +0 war axe (protect)
rCold   . . .      Faith    .   (no shield)
rNeg    . . .      Spirit   .   R - +0 troll leather armour
rPois   .          Reflect  +   c - +0 helmet
rElec   .          Harm     .   t - +2 cloak
rCorr   .          Rampage  .   (no gloves)
Will    .....                   (no boots)
Stlth   ++........              j - amulet of reflection
HPRegen 1.02/turn               o - +4 ring of evasion
MPRegen 0.12/turn               S - +4 ring of protection

@: under a protective aura
A: reduced essence, claws 2, yellow scales 2, foul stench 2, corrupting presence
1
a: Renounce Religion, Recall Ancestor, Ancestor Identity


You were on level 10 of the Dungeon.
You worshipped Hepliaklqana.
Hepliaklqana was pleased with you.
You visited 2 branches of the dungeon, and saw 11 of its levels.
You also visited: Sewer.

You collected 670 gold pieces.

Inventory:

Hand Weapons
 a - a +0 war axe of protection (weapon)
 e - a +3 dagger of venom
 h - a +0 dagger of draining
 I - a +0 battleaxe
 M - a +4 mace
 T - a +2 shortbow of flaming
Missiles
 d - 3 throwing nets
 f - 6 silver boomerangs
 g - 4 datura-tipped darts
 m - a curare-tipped dart
 v - 43 poisoned darts (quivered)
 N - 4 boomerangs
Armour
 c - a +0 helmet (worn)
 l - a +0 scale mail
 q - a scarf of repulsion
 t - a +2 cloak (worn)
 J - a +0 chain mail
 O - +0 acid dragon scales
 R - a +0 troll leather armour (worn)
Jewellery
 j - an amulet of reflection (around neck)
 o - a +4 ring of evasion (left claw)
 S - a +4 ring of protection (right claw)
Wands
 k - a wand of roots (12)
 r - a wand of charming (18)
 x - a wand of acid (15)
Scrolls
 i - 10 scrolls of teleportation
 y - 2 scrolls of amnesia
 B - a scroll of silence
 D - a scroll of fear {unknown}
 E - 3 scrolls of poison {unknown}
 F - a scroll of summoning {unknown}
 G - 2 scrolls of enchant weapon {unknown}
 H - a scroll of enchant armour {unknown}
Potions
 b - 3 potions of might
 n - 4 potions of flight {unknown}
 p - 3 potions of curing
 s - a potion of degeneration {unknown}
 u - 4 potions of cancellation {unknown}
 w - 3 potions of brilliance {unknown}
 z - a potion of haste
 A - 2 potions of invisibility
 C - a potion of attraction {unknown}
 K - 2 potions of resistance
 L - a potion of lignification {unknown}
 P - a potion of magic {unknown}
 Q - a potion of mutation {unknown}


   Skills:
 + Level 7.6 Fighting
 + Level 10.8 Axes
 + Level 2.4 Throwing
 + Level 5.8 Armour
 + Level 6.1 Dodging
 + Level 2.7 Stealth
 + Level 4.0 Shields
 + Level 1.5 Unarmed Combat


You had 10 spell levels left.
You didn't know any spells.
Your spell library contained the following spells:

 Spells                   Type           Power      Damage    Failure   Level
 Slow                     Hex            0%         N/A       41%         1
 Scorch                   Fire           0%         2d5       54%         2
 Call Canine Familiar     Summ           0%         N/A       78%         3
 Confusing Touch          Hex            0%         N/A       78%         3
 Ignite Poison            Fire/Tmut/Pois 0%         N/A       78%         3
 Mephitic Cloud           Conj/Pois/Air  0%         N/A       78%         3
 Portal Projectile        Hex/Tloc       0%         N/A       78%         3
 Vampiric Draining        Necr           0%         2d6       78%         3
 Flame Wave               Conj/Fire      0%         2d4       99%         4
 Leda's Liquefaction      Hex/Erth       0%         N/A       99%         4
 Summon Ice Beast         Ice/Summ       0%         N/A       99%         4
 Fireball                 Conj/Fire      0%         3d3       100%        5
 Freezing Cloud           Conj/Ice/Air   0%         6-21      100%        5
 Iskenderun's Battlesphe  Conj           0%         2d6       100%        5
 Summon Mana Viper        Hex/Summ       0%         N/A       100%        5
 Conjure Ball Lightning   Conj/Air       0%         3x3d6     100%        6
 Summon Cactus Giant      Summ           0%         N/A       100%        6
 Monstrous Menagerie      Summ           0%         N/A       100%        7
 Orb of Destruction       Conj           0%         9d5       100%        7


Dungeon Overview and Level Annotations

Branches:
Dungeon (10/15)            Temple (1/1) D:4            Lair (0/5) D:8
  Sewer (visited)
    Orc: D:9-12

Altars:
Ashenzari
Cheibriados
Dithmenos
Fedhas
Gozag
Hepliaklqana
Kikubaaqudgha
Makhleb
Nemelex Xobeh
Okawaru
Qazlal
Ru
Sif Muna
Trog
Uskayaw
Vehumet
Wu Jian
Xom
Yredelemnul

Shops:
D:4 [   D:8 (


Innate Abilities, Weirdness & Mutations

Your life essence is reduced to manifest your ancestor. (-10% HP)
You have very sharp fingernails.
You are mostly covered in yellow scales. (AC +3)
You sometimes emit foul miasma when damaged in melee.
Your presence sometimes corrodes those you injure.


Message History

The centaur shoots an arrow.
The arrow hits you!
Osbert points at the centaur and mumbles some strange words.
The stone arrow hits the centaur!!
The centaur dies!
The ogre mage gestures wildly while chanting.
The ogre mage flickers and vanishes!
Deactivating autopickup; reactivate with Ctrl-A.
A cyclops comes into view.
You hit the orc warrior.
The orc warrior is lightly wounded.
The orc warrior hits you with a +0 war axe!
You emit a cloud of foul miasma!
You slash the orc warrior!
The orc warrior is severely wounded.
The orc warrior is engulfed in dark miasma.
The orc warrior is poisoned.
The orc warrior misses you.
You hear some strange, mumbled words.
A bolt of magma appears from out of thin air!
The bolt of magma hits the orc warrior!
The orc warrior dies!
The bolt of magma misses you.
The bolt of magma hits Osbert!!
Osbert partially resists.
You hear a shout!
Osbert points next to you and mumbles some strange words.
The stone arrow hits something!!
Something hits you but does no damage.
An orc priest comes into view. It is wielding a +0 falchion.
Items here: ( ))) [ †.
You hit something but do no damage. You miss something.
You hear some strange, mumbled words.
A bolt of magma appears from out of thin air!
The bolt of magma hits you!!
* * * LOW HITPOINT WARNING * * *
The bolt of magma hits Osbert!!
Osbert partially resists.
Osbert is destroyed!
Something hits you but does no damage.
The orc priest mumbles some strange prayers to Beogh against you.
Beogh smites you!
You die...

#.......###.#######
###.......+..........
...........#.#..###.##
.####..........##
#......†..##
#..###.#### # .
#..#..)..# .#...
#..#..##.#####h..###
##.#.##....@☼{C⌠....
#..#..#####.o.###
#.....# .#... ###.###
# . ..... ..###..# ...
...# .. #..# ... #..#


You could see a cyclops, a howler monkey and an orc priest.

Vanquished Creatures
  An orange demon (D:8)
  Maggie (D:8)
  A troll (D:9)
  Grinder (Sewer)
  A wyvern (D:9)
  A shadow (D:10)
  2 yaks (D:9)
  2 wargs (D:8)
  A water moccasin (D:5)
  4 black bears
  3 orc warriors
  An ice beast (D:6)
  A sky beast (D:7)
  A centaur (D:9)
  An ogre (D:6)
  2 kobold brigands (D:9)
  A phantom (Sewer)
  3 bullfrogs
  A necrophage (D:4)
  2 scorpions (D:5)
  4 wights
  9 killer bees
  A howler monkey (D:9)
  A jelly (D:5)
  2 hounds (D:5)
  2 orc priests (D:7)
  4 iguanas
  4 orc wizards
  3 gnolls (D:4)
  7 adders
  5 shadow imps
  A white imp (D:5)
  6 ufetubi
  3 dart slugs
  22 orcs
  A bat zombie (Sewer)
  9 endoplasms
  6 giant cockroaches
  4 goblins
  3 hobgoblins (D:3)
  7 jackals
  7 quokkas
  7 ball pythons
  6 bats
  3 frilled lizards
  27 kobolds
  2 kobold zombies (Sewer)
  7 rats
194 creatures vanquished.

Vanquished Creatures (collateral kills)
  Erica (D:8)
  Amaemon (D:8)
  A gargoyle (D:9)
  A kobold demonologist (D:9)
  A shadow (D:10)
  A yak (D:9)
  A warg (D:8)
  An orc warrior (D:9)
  2 ice beasts (D:7)
  A sky beast (D:7)
  5 centaurs
  4 kobold brigands
  2 wights (D:7)
  7 killer bees
  2 orc priests
  An iguana (D:7)
  3 orc wizards
  3 orcs
  5 kobolds
43 creatures vanquished.

Vanquished Creatures (others)
  A wyvern (D:10)
  An orc warrior (D:10)
  4 battlemagi
  5 plants
11 creatures vanquished.

Grand Total: 248 creatures vanquished

Notes
Turn   | Place    | Note
-------+----------+-------------------------------------------
     0 | D:1      | javelincjr the Demonspawn Gladiator began the quest for the
                  | Orb.
     0 | D:1      | Reached XP level 1. HP: 16/16 MP: 1/1
   244 | D:1      | Gained mutation: You are partially covered in yellow
                  | scales. (AC +2) [demonic ancestry]
   244 | D:1      | Reached XP level 2. HP: 22/22 MP: 2/2
   316 | D:1      | Reached skill level 3 in Axes
   439 | D:1      | You fall into a shaft and drop 1 floor!
   439 | D:2      | Found an iron altar of Okawaru.
   622 | D:2      | Reached XP level 3. HP: 14/27 MP: 3/3
  2156 | D:3      | Found a glowing drain.
  2160 | D:3      | Reached skill level 1 in Armour
  2322 | Sewer    | Entered a sewer
  2351 | Sewer    | Gained mutation: You have sharp fingernails. [demonic
                  | ancestry]
  2351 | Sewer    | Reached XP level 4. HP: 30/34 MP: 4/4
  2756 | Sewer    | Found an ancient bone altar of Kikubaaqudgha.
  2760 | Sewer    | Noticed a phantom
  2770 | Sewer    | Reached skill level 4 in Axes
  2770 | Sewer    | Gained mutation: You have very sharp fingernails. [demonic
                  | ancestry]
  2770 | Sewer    | Reached XP level 5. HP: 10/40 MP: 5/5
  2786 | Sewer    | Killed a phantom
  2903 | Sewer    | Reached XP level 6. HP: 35/47 MP: 6/6
  2986 | Sewer    | Noticed Grinder
  2999 | Sewer    | Killed Grinder
  3000 | Sewer    | Reached skill level 1 in Unarmed Combat
  3000 | Sewer    | Gained mutation: You may rarely emit foul miasma when
                  | damaged in melee. [demonic ancestry]
  3000 | Sewer    | Reached XP level 7. HP: 38/52 MP: 7/7
  3485 | D:3      | Found a hazy altar of Hepliaklqana.
  3507 | D:3      | Became a worshipper of Hepliaklqana the Forgotten
  3588 | D:3      | Found a shimmering blue altar of Sif Muna.
  3654 | D:3      | Found a sacrificial altar of Ru.
  3656 | D:3      | Found a basalt altar of Yredelemnul.
  3657 | D:3      | Found a radiant altar of Vehumet.
  3693 | D:3      | Reached skill level 5 in Axes
  4129 | D:4      | Found an ornate altar of the Wu Jian Council.
  4306 | D:4      | Found a burning altar of Makhleb.
  4800 | D:4      | Found Kiakygh's Antique Armour Boutique.
  5024 | D:4      | Found a staircase to the Ecumenical Temple.
  5179 | Temple   | Entered the Ecumenical Temple
  5321 | D:5      | Entered Level 5 of the Dungeon
  5744 | D:5      | Reached skill level 6 in Axes
  5834 | D:5      | Gained mutation: You are mostly covered in yellow scales.
                  | (AC +3) [demonic ancestry]
  5834 | D:5      | Reached XP level 8. HP: 55/60 MP: 8/8
  5981 | D:5      | Reached skill level 1 in Shields
  6059 | D:5      | Reached * piety under Hepliaklqana
  6122 | D:5      | Found a hide-covered altar of Uskayaw.
  6255 | D:5      | Found an opulent altar of Gozag.
  6281 | D:5      | Found a sparkling altar of Nemelex Xobeh.
  6377 | D:6      | Reached skill level 5 in Dodging
  6446 | D:6      | Reached skill level 7 in Axes
  7006 | D:7      | Reached skill level 1 in Stealth
  7006 | D:7      | Reached XP level 9. HP: 34/59 MP: 9/9
  7176 | D:7      | Found an iron altar of Okawaru.
  7416 | D:7      | Reached skill level 8 in Axes
  7572 | D:7      | Reached skill level 5 in Fighting
  8295 | D:8      | Noticed Maggie
  8310 | D:8      | Killed Maggie
  8311 | D:8      | Reached skill level 9 in Axes
  8452 | D:8      | Reached ** piety under Hepliaklqana
  8453 | D:8      | Remembered your ancestor Osbert as a battlemage
  8496 | D:8      | Noticed Amaemon
  8496 | D:8      | Noticed an orange demon
  8503 | D:8      | Killed Amaemon
  8514 | D:8      | Noticed Erica
  8638 | D:8      | HP: 2/62 [something (2)]
  8638 | D:8      | Killed Erica
  8639 | D:8      | Gained mutation: You sometimes emit foul miasma when
                  | damaged in melee. [demonic ancestry]
  8639 | D:8      | Reached XP level 10. HP: 1/68 MP: 10/10
  8857 | D:8      | Found a staircase to the Lair.
  8869 | D:8      | Reached skill level 5 in Armour
  8906 | D:8      | Killed an orange demon
  9042 | D:8      | Reached skill level 10 in Axes
  9144 | D:8      | Found Qahish's Weapon Boutique.
 10121 | D:9      | Noticed a gargoyle
 10132 | D:9      | Killed a gargoyle
 10277 | D:9      | Gained mutation: Your presence sometimes corrodes those you
                  | injure. [demonic ancestry]
 10277 | D:9      | Reached XP level 11. HP: 75/75 MP: 11/11
 10497 | D:9      | Identified the +0 rapier "Biohes" {elec, Drain rElec rPois
                  | Int+4}
 10739 | D:10     | Entered Level 10 of the Dungeon
 10834 | D:10     | Noticed an ogre mage
 10841 | D:10     | Killed from afar by an orc priest

Illustrated notes

Levels and vault maps discovered:
D:1:      dpeg_arrival_refuge, layout_basic, serial_forest,
          infiniplex_forest_end_2, infiniplex_forest_lined_room_2,
          infiniplex_forest_clump_tiny, infiniplex_forest_3_way,
          infiniplex_forest_straight_4, infiniplex_forest_lined_ring,
          infiniplex_forest_lined_room_2, infiniplex_forest_lined_2,
          serial_bayou_pond_e
D:2:      layout_basic, basic_altar, serial_corexii_hall,
          corexii_hall_statues_x, corexii_hall_statues_x
D:3:      layout_basic, nicolae_hepliaklqana_hazy_memory,
          mainiacjoe_overflow_alcove_3, gup_sewer_entry_pipe
D:4:      layout_rooms, lemuel_doored_altar, mainiacjoe_overflow_boulevard,
          minmay_temple_entry_poolview, serial_co_window_serial,
          co_window_cross_1, co_window_corner_a, co_window_paths_b,
          co_window_paths_a, co_window_paths_a, co_window_of_opportunity_a,
          co_window_paths_b, co_window_unsneaky_path_c, co_window_broadway_a,
          co_window_2corner, co_window_broadway_c, co_window_4corner_b,
          glass_columns_b, glass_columns_c, glass_columns_c, glass_columns_a,
          serial_shops, nicolae_shop_advertising_works
          [nicolae_subvault_shop_adworks]
D:5:      layout_gridville, kennysheep_mini_moat, grunt_gozag_breadcrumbs,
          mainiacjoe_overflow_alcove_2
D:6:      layout_basic
D:7:      layout_loops_cross, mainiacjoe_overflow_24_doors,
          amcnicky_altar_gilded
D:8:      layout_loops_cross, erik_lair_orcish_takeover,
          kennysheep_windowed_goal, uniq_amaemon, uniq_erica, uniq_maggie
D:9:      layout_loops_corners
D:10:     minmay_the_grid_octo_tiled_squarecenter
          [minmay_the_grid_octo_thin_diamonds, minmay_the_grid_octo_checkered,
          minmay_the_grid_octo_clover, minmay_the_grid_octo_tetromino_candy,
          minmay_the_grid_square_5x5_megaprize_diamond,
          minmay_the_grid_square_5x5_spiral_small,
          minmay_the_grid_square_5x5_inverted_slash,
          minmay_the_grid_square_5x5_detours,
          minmay_the_grid_square_5x5_pentomino_r], layout_basic
Temple:   nicolae_temple_two_arcs

Skill      XL: |  1  2  3  4  5  6  7  8  9 10 |
---------------+-------------------------------+-----
Axes           | 3 4 6 7 9 10 | 10.8
Throwing       | 2 |  2.4
Dodging        | 3 4 5 6 |  6.1
Armour         | 1 2 3 4 5 |  5.8
Fighting       | 3 4 6 7 |  7.6
Unarmed Combat | 1 |  1.5
Shields        | 2 4 |  4.0
Stealth        | 1 2 |  2.7

Action                   |  1- 3 |  4- 6 |  7- 9 | 10-12 || total
-------------------------+-------+-------+-------+-------++-------
Melee: War axe           |   126 |    48 |   383 |   143 ||   700
       Unarmed           |       |    52 |       |       ||    52
       Punch             |       |     1 |     7 |     4 ||    12
Throw: Dart              |       |       |     7 |    12 ||    19
Invok: Ancestor Life: Ba |       |       |     1 |       ||     1
Evoke: Wand              |       |       |     1 |       ||     1
  Use: Potion            |       |     2 |     4 |     3 ||     9
       Scroll            |       |       |    10 |       ||    10
 Stab: Sleeping          |     3 |       |       |       ||     3
       Distracted        |       |       |     3 |     3 ||     6
Armor: Leather armour    |    56 |    38 |       |       ||    94
       Scale mail        |       |    19 |   138 |       ||   157
       Chain mail        |       |       |    64 |    49 ||   113
       Troll leather arm |       |       |       |    35 ||    35
Dodge: Dodged            |    95 |   102 |   303 |   170 ||   670
Block: Other             |       |       |    83 |    58 ||   141
       Reflection        |       |       |       |     4 ||     4
